 Dungeon Sprint DCSS version 0.20.1-1-g8b1a95d (webtiles) character file.

2400000 digijack the Intangible (level 19, -21/207 HPs)
             Began as a Minotaur Gladiator on Oct 8, 2017.
             Demolished by a meat berserker
             ... wielding a +9 battleaxe
              (52 damage)
             ... in the Dungeon (Sprint VIII: "Arena of Blood").
             The game lasted 00:02:57 (24 turns).

digijack the Intangible (Minotaur Gladiator)          Turns: 24, Time: 00:02:57

Health: -21/207    AC:  6    Str: 27    XL:     19   Next: 2%
Magic:  15/37      EV: 28    Int:  5    God:
Gold:   0          SH:  0    Dex: 12    Spells: 48/48 levels left

rFire    . . .     SeeInvis .   l - +∞ Axe of Woe
rCold    . . .     Gourm    .   (shield currently unavailable)
rNeg     . . .     Faith    .   b - +0 leather armour
rPois    .         Spirit   .   c - +0 hat
rElec    .         Reflect  .   (no cloak)
rCorr    .         Harm     .   (no gloves)
MR       +....     NoTele   +   (no boots)
Stlth    +++++++...             (no amulet)
Regen    0.5/turn               m - +30 ring of slaying
MPRegen  0.3/turn               (no ring)

@: no status effects
A: retaliatory headbutt, horns 2
a: no special abilities


You were in the Dungeon.
You were not hungry.

You visited 1 branch

Inventory:

Hand Weapons
 a - a +0 quarterstaff
 l - the +∞ Axe of Woe (weapon)
   (You found it in the Dungeon)
Missiles
 d - 3 throwing nets (quivered)
Armour
 b - a +0 leather armour (worn)
 c - a +0 hat (worn)
Jewellery
 m - a +30 ring of slaying (left hand)
 n - a +30 ring of slaying
Scrolls
 k - a scroll of blinking
Potions
 e - a potion of curing
 g - a potion of heal wounds
 h - a potion of haste
 i - 2 potions of magic
 j - a potion of berserk rage
Comestibles
 f - a bread ration


   Skills:
 O Level 27 Fighting
 O Level 27 Axes
 - Level 26.0 Staves
 - Level 13.6 Throwing
 + Level 23.2 Armour
 O Level 27 Dodging
 + Level 18.8 Stealth
 + Level 21.6 Unarmed Combat
 + Level 15.1 Spellcasting


You had 48 spell levels left.
You didn't know any spells.

Dungeon Overview and Level Annotations

Branches:
Dungeon (1/1)

Altars:
Makhleb


Innate Abilities, Weirdness & Mutations

You reflexively headbutt those who attack you in melee.
You have a pair of horns on your head.


Message History

You kill the bag of meat!
Your Armour skill increases to level 22!
Your Stealth skill increases to level 17!
Your Unarmed Combat skill increases to level 20!
Your Spellcasting skill increases to level 14!
You cut the bag of meat into ribbons!!!
You butcher the bag of meat messily.
You kill the bag of meat!
Your Armour skill increases to level 23!
Your Stealth skill increases to level 18!
Your Unarmed Combat skill increases to level 21!
Your Spellcasting skill increases to level 15!
You have reached level 19!
You hear a shout! x10
An orc and a vampire knight come into view.
The destroyer is wielding a +9 great sword of slicing.
Unknown command. 2 orcs and a two-headed ogre come into view.
The bag of meat shouts!
The meat berserker hits you with a +9 battleaxe!!!
You die...

.. .... ... ...
#.. ..# . #..
..# . ..###oo
o.###.o
......###oo..o.V
......._o.......
....#..).)#.....
. #_.@)_# ...
#.O...# .
....._......
......###......
..###.. ..###. .
#.o ..# #.. ..#
O.. ..


You could see a large bag of meat (inner flame), a meat berserker (berserk) and
8 bags of meat.

Vanquished Creatures
  5 ogres (D)
  10 orcs (D)
15 creatures vanquished.

Notes
Turn   | Place    | Note
-------+----------+-------------------------------------------
     0 | D        | digijack the Minotaur Gladiator began the quest for the Orb.
     0 | D        | Reached XP level 1. HP: 18/18 MP: 0/0
     2 | D        | Noticed a bag of meat
     2 | D        | Noticed a bag of meat
     5 | D        | Killed a bag of meat
     5 | D        | Reached skill level 10 in Throwing
     5 | D        | Reached XP level 2. HP: 41/41 MP: 1/1
     5 | D        | Reached XP level 3. HP: 48/48 MP: 2/2
     5 | D        | Reached XP level 4. HP: 56/56 MP: 3/3
     5 | D        | Reached XP level 5. HP: 62/62 MP: 4/4
     5 | D        | Reached XP level 6. HP: 70/70 MP: 5/5
     5 | D        | Reached XP level 7. HP: 77/77 MP: 6/6
     5 | D        | Reached XP level 8. HP: 83/83 MP: 7/7
     5 | D        | Reached XP level 9. HP: 90/90 MP: 8/8
     5 | D        | Reached XP level 10. HP: 97/97 MP: 9/9
     5 | D        | Reached XP level 11. HP: 104/104 MP: 10/10
     9 | D        | Noticed a meat berserker
    10 | D        | Killed a bag of meat
    10 | D        | Reached XP level 12. HP: 88/116 MP: 11/11
    12 | D        | Noticed a bag of meat
    12 | D        | Noticed a bag of meat
    13 | D        | Killed a meat berserker
    13 | D        | Reached skill level 10 in Axes
    13 | D        | Reached XP level 13. HP: 16/128 MP: 12/12
    13 | D        | Reached XP level 14. HP: 17/137 MP: 13/13
    14 | D        | Noticed a meat berserker
    14 | D        | Noticed a bag of meat
    14 | D        | Noticed a meat berserker
    15 | D        | Noticed a bag of meat
    15 | D        | Noticed a bag of meat
    15 | D        | Noticed a bag of meat
    16 | D        | Noticed a bag of meat
    16 | D        | Noticed a bag of meat
    16 | D        | Noticed a bag of meat
    17 | D        | Noticed a meat berserker
    17 | D        | Noticed a bag of meat
    17 | D        | Noticed a bag of meat
    17 | D        | Killed a meat berserker
    17 | D        | Reached skill level 15 in Axes
    17 | D        | Reached skill level 27 in Dodging
    17 | D        | Reached XP level 15. HP: 21/155 MP: 14/14
    18 | D        | Noticed a meat berserker
    19 | D        | Killed a meat berserker
    19 | D        | Killed a meat berserker
    19 | D        | Reached skill level 27 in Fighting
    19 | D        | Reached XP level 16. HP: 26/183 MP: 15/15
    19 | D        | Reached skill level 27 in Axes
    20 | D        | Reached skill level 5 in Spellcasting
    20 | D        | Reached XP level 17. HP: 27/191 MP: 15/23
    21 | D        | Reached skill level 15 in Unarmed Combat
    21 | D        | Reached skill level 10 in Spellcasting
    22 | D        | Noticed a meat berserker
    22 | D        | Reached XP level 18. HP: 29/200 MP: 15/32
    23 | D        | Killed a meat berserker
    23 | D        | Reached skill level 15 in Spellcasting
    23 | D        | Reached XP level 19. HP: 31/207 MP: 15/37
    24 | D        | Noticed a destroyer
    24 | D        | Noticed a large bag of meat
    24 | D        | Demolished by a meat berserker

Skill      XL: |  1  2  3  4  5  6  7  8  9 10 11 12 13 14 15 16 17 18 |
---------------+-------------------------------------------------------+-----
Fighting       | 12 13 16 19 27 | 27.0
Axes           | 4 7 10 15 26 27 | 27.0
Staves         | 20 22 26 | 26.0
Throwing       | 10 11 13 | 13.6
Dodging        | 18 21 24 27 | 27.0
Armour         | 9 18 23 | 23.2
Stealth        | 6 14 18 | 18.8
Unarmed Combat | 8 17 21 | 21.6
Spellcasting   | 5 11 15 | 15.1

Action                   |  1- 3 |  4- 6 |  7- 9 | 10-12 | 13-15 | 16-18 | 19-21 || total
-------------------------+-------+-------+-------+-------+-------+-------+-------++-------
Melee: Executioner's axe |     1 |       |       |     2 |     2 |     4 |       ||     9
Dodge: Dodged            |       |       |       |       |     1 |       |       ||     1
